 Dungeon Crawl Stone Soup version 0.28-a0-969-g2dcde036d2 (webtiles) character file.

Game seed: 12198513823372456886

124 Majang the Skirmisher (level 5, 0/47 HPs)
             Began as a Ghoul Fighter on Dec 1, 2021.
             Slain by a hornet zombie (8 damage)
             ... on level 3 of the Dungeon.
             The game lasted 00:09:30 (3584 turns).

Majang the Skirmisher (Ghoul Fighter)               Turns: 3584, Time: 00:09:31

Health: 0/47       AC:  7    Str: 22    XL:     5   Next: 8%
Magic:  4/4        EV:  9    Int:  3    God:
Gold:   130        SH:  4    Dex:  8    Spells: 4/4 levels left

rFire   . . .      SeeInvis .   a - +0 war axe
rCold   + . .      Faith    .   c - +0 buckler
rNeg    + + +      Spirit   .   b - +0 scale mail
rPois   ∞          Reflect  .   (no helmet)
rElec   .          Harm     .   (no cloak)
rCorr   .          Rampage  .   n - +0 pair of gloves
Will    .....                   (no boots)
Stlth   ..........              (no amulet)
HPRegen 0.00/turn               (no ring)
MPRegen 0.09/turn               (no ring)

@: inhibited regen
A: claws 1, cold resistance 1, negative energy resistance 3, inhibited
regeneration, torment resistance 2
a: no special abilities


You were on level 3 of the Dungeon.
You visited 1 branch of the dungeon, and saw 3 of its levels.
You also visited: Sewer.

You collected 130 gold pieces.

Inventory:

Hand Weapons
 a - a +0 war axe (weapon)
Missiles
 h - 3 boomerangs (quivered)
Armour
 b - a +0 scale mail (worn)
 c - a +0 buckler (worn)
 n - a +0 pair of gloves (worn)
Scrolls
 e - 3 scrolls of identify
 f - a scroll of enchant armour {unknown}
 g - 2 scrolls of fog
 i - 3 scrolls of enchant weapon {unknown}
 j - a scroll of blinking {unknown}
Potions
 d - a potion of might
 k - 2 potions of magic
 l - 4 potions of flight
 m - a potion of haste {unknown}


   Skills:
 + Level 4.4 Fighting
 * Level 3.9 Axes
 - Level 2.6 Armour
 - Level 2.6 Shields


You had 4 spell levels left.
You didn't know any spells.
Your spell library contained the following spells:

 Spells                   Type           Power      Damage    Failure   Level
 Freeze                   Ice            0%         1d3       88%         1
 Frozen Ramparts          Ice            0%         1d2       99%         3
 Hailstorm                Conj/Ice       0%         3d3       100%        4


Dungeon Overview and Level Annotations

Branches:
Dungeon (3/15)              Sewer (visited)

Altars:

Shops:
D:1 !


Innate Abilities, Weirdness & Mutations

You thrive by killing the living.
You are immune to poison.
You have sharp fingernails.
Your flesh is cold resistant. (rC+)
You are immune to negative energy. (rN+++)
You do not regenerate when monsters are visible.
You are immune to unholy pain and torment.


Message History

Things that are here:
a +0 flail; an orc corpse You open the door.
There is an open door here.
You now have 130 gold pieces (gained 10).
A hornet zombie comes into view.
You slash the hornet zombie!
The hornet zombie is lightly damaged.
The hornet zombie hits you!
The hornet zombie completely misses you.
You hit the hornet zombie but do no damage.
The hornet zombie is lightly damaged.
The hornet zombie hits you but does no damage. x2
You slash the hornet zombie!
The hornet zombie is moderately damaged.
The hornet zombie hits you! The hornet zombie closely misses you.
You barely miss the hornet zombie.
The hornet zombie is moderately damaged.
The hornet zombie closely misses you.
You hit the hornet zombie but do no damage.
The hornet zombie is moderately damaged.
The hornet zombie hits you but does no damage.
You block the hornet zombie's attack.
You barely miss the hornet zombie.
The hornet zombie is moderately damaged.
The hornet zombie closely misses you. The hornet zombie hits you!
You slash the hornet zombie!
The hornet zombie is heavily damaged.
You block the hornet zombie's attack.
You hit the hornet zombie.
The hornet zombie is severely damaged.
The hornet zombie hits you. x2
You slash the hornet zombie!
The hornet zombie is almost destroyed.
The hornet zombie barely misses you. The hornet zombie hits you!
* * * LOW HITPOINT WARNING * * *
You barely miss the hornet zombie.
The hornet zombie is almost destroyed.
The hornet zombie hits you!
You die...

.#.#.#)####...####
...#.#.##.....#
.....#.##.##.##
#.####.##.##.# #.#
#.##.##.# #.#
#.......# #.#
####.#### #.# #.#
########.# ..# #.#
#.@Z...... ### #.#
#.###..... ##
##.#####.###.#...
.# #............#
# .#
#.##..##......# .#
#.#.............
.#
#.#.⌠.........#.
.#
#.....P≈........
.#
#.....P≈P.#####.


You could see a hornet zombie.

Vanquished Creatures
  3 adders
  8 worms
  4 orcs (D:3)
  7 endoplasms
  2 giant cockroaches
  6 jackals
  7 quokkas
  4 ball pythons
  9 bats
  6 frilled lizards
  5 goblins
  2 kobolds
  5 rats
  A bush (D:2)
69 creatures vanquished.

Vanquished Creatures (others)
  3 plants (D:2)
3 creatures vanquished.

Grand Total: 72 creatures vanquished

Notes
Turn   | Place    | Note
-------+----------+-------------------------------------------
     0 | D:1      | Majang the Ghoul Fighter began the quest for the Orb.
     0 | D:1      | Reached XP level 1. HP: 19/19 MP: 0/0
   122 | D:1      | Found Qixteresh's Distillery.
   277 | D:1      | Reached XP level 2. HP: 26/26 MP: 1/1
  1071 | D:2      | Reached XP level 3. HP: 33/33 MP: 2/2
  2303 | D:3      | Reached skill level 4 in Fighting
  2354 | D:3      | Found a glowing drain.
  2366 | D:3      | Reached XP level 4. HP: 30/40 MP: 3/3
  2447 | Sewer    | Entered a sewer
  3311 | D:3      | Reached XP level 5. HP: 43/47 MP: 4/4
  3584 | D:3      | Slain by a hornet zombie

Illustrated notes

Levels and vault maps discovered:
D:1:      kilobyte_arrival_exit_the_forest, layout_loops_ring, serial_shops,
          shop
D:2:      layout_basic, serial_forest, infiniplex_forest_join,
          infiniplex_forest_clump_curved, infiniplex_forest_zigzag_1,
          infiniplex_forest_clump_small, infiniplex_forest_straight_3,
          infiniplex_forest_zigzag_1
D:3:      layout_loops_corners, tso_oasis_becter, portal_sewer_entry_a,
          minivault_19, palyth_stone_intersect, chequers_serial_rivers_room_b,
          minmay_box_of_dots

Skill      XL: |  1  2  3 |
---------------+----------+-----
Axes           | 2 3 |  3.9
Fighting       | 4 |  4.4
Armour         | |  2.6
Shields        | |  2.6

Action                   |  1- 3 |  4- 6 || total
-------------------------+-------+-------++-------
Melee: War axe           |   177 |   106 ||   283
  Use: Scroll            |     5 |       ||     5
       Potion            |       |     1 ||     1
Armor: Scale mail        |    46 |    49 ||    95
Dodge: Dodged            |    41 |    55 ||    96
Block: Buckler           |    12 |    18 ||    30

Table legend: (Time is in decaauts)
 A = Elapsed time spent in this place.
 B = Non-inter-level travel time spent in this place.
 C = Inter-level travel time spent in this place.
 D = Time resting spent in this place.
 E = Time spent auto-exploring this place.
 F = Levels seen in this place.
 G = Mean time per level.
                   A        B        C        D        E       F      G
               +--------+--------+--------+--------+--------+-----+--------+
         Total |   3869 |   3748 |    121 |    339 |   2231 |   4 |  967.2 |
       Dungeon |   2825 |   2704 |    121 |    189 |   1866 |   3 |  941.7 |
         Sewer |   1043 |   1043 |      0 |    150 |    365 |   1 | 1043.0 |
               +--------+--------+--------+--------+--------+-----+--------+

Top non-repeatable levels by time:
     D:2: 1421 daAuts
   Sewer: 1043 daAuts
     D:1: 817 daAuts
     D:3: 586 daAuts
